 Dungeon Crawl Stone Soup version 0.23.2-40-g277498a001 (webtiles) character file.

Game seed: 8139487314966986267

1878 Emblim88 the Grappler (level 8, 0/83 HPs)
             Began as a Troll Berserker on Oct 8, 2019.
             Was an Elder of Trog.
             Slain by a killer bee (9 damage)
             ... on level 7 of the Dungeon.
             The game lasted 00:11:40 (3653 turns).

Emblim88 the Grappler (Troll Berserker)             Turns: 3653, Time: 00:11:41

Health: 0/83       AC:  7    Str: 27    XL:     8   Next: 91%
Magic:  0/7        EV: 12    Int:  3    God:    Trog [****..]
Gold:   379        SH:  0    Dex: 10    Spells: 7/7 levels left

rFire    + . .     SeeInvis .     - Unarmed
rCold    . . .     Gourm    +   (no shield)
rNeg     . . .     Faith    .   a - +0 animal skin
rPois    .         Spirit   +   (helmet restricted)
rElec    .         Reflect  .   m - +0 cloak
rCorr    .         Harm     .   (gloves unavailable)
MR       .....                  (boots unavailable)
Stlth    +.........             g - amulet of guardian spirit
HPRegen  0.63/turn              p - ring of protection from fire
MPRegen  0.10/turn              (no ring)

@: lethally poisoned (0 -> -3), berserk cooldown, slowed, very slow
A: large, unfitting armour, claws 3, fast metabolism 3, gourmand, regeneration
1, shaggy fur 1, tough skin 3
a: Berserk, Trog's Hand, Brothers in Arms, Renounce Religion


You were on level 7 of the Dungeon.
You worshipped Trog.
Trog was greatly pleased with you.
You were hungry.

You visited 1 branch of the dungeon, and saw 7 of its levels.

You collected 379 gold pieces.

Inventory:

Hand Weapons
 l - a +4 quarterstaff of chaos
 s - a +0 giant spiked club
Armour
 a - a +0 animal skin (worn)
 m - a +0 cloak (worn)
Jewellery
 g - an amulet of guardian spirit (around neck)
 p - a ring of protection from fire (left claw)
Scrolls
 e - a scroll of blinking {unknown}
 h - a scroll of fear {unknown}
 j - 2 scrolls of noise {unknown}
 k - 8 scrolls of teleportation {unknown}
 n - 4 scrolls of enchant weapon {unknown}
 q - a scroll of magic mapping {unknown}
 t - a scroll of fog {unknown}
 w - 3 scrolls of identify {unknown}
 x - a scroll of random uselessness {unknown}
Potions
 c - a potion of lignification {unknown}
 d - 3 potions of curing {unknown}
 f - a potion of magic {unknown}
 i - 2 potions of mutation {unknown}
 o - a potion of flight {unknown}
 r - 2 potions of heal wounds {unknown}
 u - 2 potions of haste {unknown}
 v - a potion of berserk rage {unknown}
Comestibles
 b - 12 rations


   Skills:
 + Level 5.7 Fighting
 + Level 5.7 Dodging
 * Level 8.1 Unarmed Combat


You had 7 spell levels left.
You didn't know any spells.
Your spell library was empty.

Dungeon Overview and Level Annotations

Branches:
Dungeon (7/15)             Temple (0/1) D:4

Altars:
Fedhas
Gozag
Ru
Yredelemnul
The Shining One

Shops:
D:6 }


Innate Abilities, Weirdness & Mutations

You are too large for most types of armour.
You have claws for hands.
Your metabolism is lightning-fast.
You like to eat raw meat.
Your natural rate of healing is unusually fast.
You are covered in fur. (AC +1)
You have extremely tough skin. (AC +3)


Message History

The ogre hits you with a +0 giant club!!
* * * LOW HITPOINT WARNING * * *
The bullfrog hits you.
* * * LOW HITPOINT WARNING * * *
The killer bee completely misses you.
There is a stone staircase leading up, spattered with blood here.
You feel sick.
The killer bee stings you but does no damage.
The killer bee stings you.
* * * LOW HITPOINT WARNING * * *
The killer bee closely misses you. The bullfrog misses you.
The killer bee stings you.
* * * LOW HITPOINT WARNING * * *
The ogre barely misses you. The killer bee stings you.
* * * LOW HITPOINT WARNING * * *
The howler monkey hoots and howls with incredible vigour!
The bullfrog closely misses you.
The howler monkey hoots and howls with incredible vigour!
The killer bee stings you!
You die...

##....... ##.#
..#...... .#.#
#.......##...##..
##.......#†.....#
..$.......†.....#
.........hh......
##....Yh#h......
###..†Oyyhy....y
#.....hF@##y.....
.........y.......
.................
.<.......##......
.........# ####.
.....<...#
..........
.......##


You could see an ice beast, an ogre, a bullfrog, 3 howler monkeys, 4 killer bees
and 3 jackals.

Vanquished Creatures
  Prince Ribbit (D:7)
  Menkaure (D:7)
  A water moccasin (D:5)
  2 sky beasts (D:5)
  An ice beast (D:5)
  3 ogres
  A centaur (D:6)
  3 bullfrogs
  A scorpion (D:7)
  A howler monkey (D:5)
  2 bullfrog zombies
  4 hounds
  A centaur skeleton (D:5)
  Crazy Yiuf (D:2)
  4 worker ants
  An orc wizard (D:4)
  A hound skeleton (D:6)
  9 adders
  An ooze (D:4)
  2 worms (D:2)
  2 dart slugs
  8 leopard geckos
  12 orcs
  12 bats
  10 giant cockroaches
  7 goblins
  6 hobgoblins
  3 jackals
  5 quokkas
  A ball python (D:2)
  3 frilled lizards
  6 kobolds
  A leopard gecko skeleton (D:4)
  5 rats
  A spectral orc (D:3)
123 creatures vanquished.

Notes
Turn   | Place    | Note
-------+----------+-------------------------------------------
     0 | D:1      | Emblim88 the Troll Berserker began the quest for the Orb.
     0 | D:1      | Reached XP level 1. HP: 22/22 MP: 0/0
   124 | D:1      | Reached XP level 2. HP: 27/29 MP: 1/1
   636 | D:2      | Found a blossoming altar of Fedhas.
   644 | D:2      | Reached XP level 3. HP: 36/36 MP: 2/2
   647 | D:2      | Reached ** piety under Trog
   751 | D:2      | Found a runed translucent door.
   752 | D:2      | Noticed Crazy Yiuf
   895 | D:2      | Reached XP level 4. HP: 43/45 MP: 1/3
  1047 | D:2      | Killed Crazy Yiuf
  1191 | D:3      | Found a sacrificial altar of Ru.
  1193 | D:3      | Reached skill level 4 in Unarmed Combat
  1524 | D:3      | Found a basalt altar of Yredelemnul.
  1860 | D:4      | Noticed an ogre
  1863 | D:4      | Killed an ogre
  1863 | D:4      | Reached XP level 5. HP: 53/53 MP: 4/4
  2090 | D:4      | Reached XP level 6. HP: 56/62 MP: 3/5
  2167 | D:4      | Found a glowing golden altar of the Shining One.
  2225 | D:4      | Found a staircase to the Ecumenical Temple.
  2345 | D:4      | Reached *** piety under Trog
  2392 | D:4      | Found a glowing drain.
  2623 | D:5      | Entered Level 5 of the Dungeon
  2634 | D:5      | Noticed a sky beast
  2667 | D:5      | Killed a sky beast
  2667 | D:5      | Reached skill level 5 in Unarmed Combat
  2753 | D:5      | Reached XP level 7. HP: 57/70 MP: 6/6
  2890 | D:5      | Reached skill level 6 in Unarmed Combat
  3111 | D:5      | Found an opulent altar of Gozag.
  3210 | D:5      | Reached skill level 5 in Fighting
  3210 | D:5      | Reached skill level 5 in Dodging
  3210 | D:5      | Reached XP level 8. HP: 80/80 MP: 7/7
  3231 | D:6      | Reached skill level 7 in Unarmed Combat
  3555 | D:6      | Found Hoekk's Gadget Shoppe.
  3625 | D:7      | Noticed Menkaure
  3629 | D:7      | Noticed Prince Ribbit
  3635 | D:7      | Killed Menkaure
  3636 | D:7      | Killed Prince Ribbit
  3636 | D:7      | Reached skill level 8 in Unarmed Combat
  3641 | D:7      | Reached **** piety under Trog
  3653 | D:7      | Slain by a killer bee

Skill      XL: |  1  2  3  4  5  6  7  8 |
---------------+-------------------------+-----
Fighting       | 3 4 5 |  5.7
Dodging        | 3 4 5 |  5.7
Unarmed Combat | 4 5 6 8 |  8.1

Action                   |  1- 3 |  4- 6 |  7- 9 || total
-------------------------+-------+-------+-------++-------
Melee: Unarmed           |    87 |     3 |   103 ||   193
       Punch             |     2 |       |     8 ||    10
       Quarterstaff      |       |   141 |     7 ||   148
       Giant spiked club |       |     8 |       ||     8
Invok: Berserk           |       |     2 |     1 ||     3
       Trog's Hand       |       |       |     1 ||     1
 Stab: Sleeping          |       |     2 |       ||     2
  Eat: Chunk             |     9 |    15 |     7 ||    31
       Ration            |       |     1 |       ||     1
Armor: Animal skin       |    42 |    77 |    49 ||   168
Dodge: Dodged            |    48 |   128 |    76 ||   252
